 Dungeon Crawl Stone Soup version 0.31-a0-876-gfe8ebadbca (webtiles) character file.

Game seed: 7579561711711578034

1255 Bnni the Digger (level 8, -1/55 (60) HPs)
             Began as a Formicid Earth Elementalist on Oct 13, 2023.
             Slain by a wight
             ... wielding a +3 mace of freezing
              (8 damage)
             ... on level 6 of the Dungeon.
             The game lasted 00:11:38 (5082 turns).

Bnni the Digger (Formicid Earth Elementalist)       Turns: 5082, Time: 00:11:39

HP:   -1/55 (60)    AC:  5    Str: 14    XL:     8   Next: 80%
MP:   4/14          EV: 11    Int: 16    God:
Gold: 229           SH:  0    Dex: 14    Spells: 3/15 levels left

rFire   . . .        r - staff of conjuration
rCold   . . .        (no shield)
rNeg    . . .        i - +0 leather armour
rPois   .            (helmet unavailable)
rElec   .            s - +0 cloak
rCorr   .            p - +0 pair of gloves {Stlth+}
SInv    +            (no boots)
Will    .....        o - amulet of regeneration
Stlth   +++          x - ring of flight
HPRegen 1.09/turn    (no ring)
MPRegen 0.14/turn

%: no passive effects
@: flying, drained
A: permanent stasis, dig shafts and tunnels, antennae 3, four strong arms
a: Dig, Shaft Self


You were on level 6 of the Dungeon.
You visited 1 branch of the dungeon, and saw 6 of its levels.

You collected 313 gold pieces.
You spent 84 gold pieces at shops.

Inventory:

Missiles
 l - 11 poisoned darts
Armour
 d - a +0 ring mail
 i - a +0 leather armour (worn)
 p - a +0 pair of gloves of stealth (worn)
 q - a +0 plate armour
 s - a +0 cloak (worn)
Magical Staves
 r - a staff of conjuration (weapon)
Jewellery
 o - an amulet of regeneration (around neck)
 x - a ring of flight (left hand)
 y - a ring of fire
Wands
 v - a wand of roots (11)
 w - a wand of charming (14)
Scrolls
 c - a scroll of fog
 e - 2 scrolls of poison
 f - a scroll of butterflies
 k - a scroll of vulnerability {unknown}
 u - a scroll of noise {unknown}
 A - a scroll of silence {unknown}
Potions
 a - 2 potions of cancellation {unknown}
 b - a potion of magic
 g - 3 potions of curing
 h - 4 potions of degeneration {unknown}
 j - a potion of heal wounds
 m - a potion of invisibility {unknown}
 n - 2 potions of haste {unknown}
 t - a potion of brilliance {unknown}
 z - 2 potions of resistance


   Skills:
 + Level 4.0 Fighting
 + Level 2.2 Armour
 - Level 1.7 Dodging
 - Level 2.4 Stealth
 + Level 4.3 Spellcasting
 * Level 3.9 Conjurations
 + Level 1.9 Necromancy
 - Level 3.0 Transmutations
 * Level 7.6 Earth Magic


You had 3 spell levels left.
You knew the following spells:

 Your Spells              Type           Power      Damage    Failure   Level
a - Sandblast             Erth           54%        2d13      1%          1
b - Passwall              Tmut/Erth      16%        N/A       3%          2
c - Stone Arrow           Conj/Erth      66%        3d11      5%          3
d - Brom's Barrelling Bo  Conj/Erth      33%        2d5       19%         4
s - Sublimation of Blood  Necr           9%         N/A       14%         2

Your spell library contained the following spells:

 Spells                   Type           Power      Damage    Failure   Level
 Shock                    Conj/Air       56%        1d6       9%          1
 Petrify                  Tmut/Erth      20%        N/A       22%         4
 Irradiate                Conj/Tmut      10%        3d15      80%         5
 Airstrike                Air            1%         2d(1-17)  89%         4
 Swiftness                Air            Unusable   N/A       N/A         3

Dungeon Overview and Level Annotations

Branches:
Dungeon (6/15)
 Temple: D:4-7

Altars:
Gozag
Xom

Shops:
D:2 ?

Annotations:
D:5 1 runed translucent door, Revguard's ghost, novice GrFi


Innate Abilities, Weirdness & Mutations

You cannot be hasted, slowed, berserked, paralysed or teleported.
You can dig through walls and to a lower floor.
You have a pair of large antennae on your head. (SInv)
Your four strong arms can wield two-handed weapons with a shield.


Message History

Aim: a wight, wielding a +2 morningstar of protection and wearing a +0 robe (heavily damaged, 83% to hit)
The blast of sand hits the wight but does no damage.
The wight is heavily damaged.
Aiming: Sandblast (safe; 1% risk of failure)
Press: ? - help, Q - select action, (/) - cycle Shift-Dir - straight line, f/p - wight
Aim: a wight, wielding a +2 morningstar of protection and wearing a +0 robe (heavily damaged, 83% to hit)
The blast of sand hits the wight but does no damage.
The wight is heavily damaged.
Aiming: Sandblast (safe; 1% risk of failure)
Press: ? - help, Q - select action, (/) - cycle Shift-Dir - straight line, f/p - wight
Aim: a wight, wielding a +2 morningstar of protection and wearing a +0 robe (heavily damaged, 83% to hit)
The blast of sand hits the wight but does no damage.
The wight is heavily damaged.
Aiming: Sandblast (safe; 1% risk of failure)
Press: ? - help, Q - select action, (/) - cycle Shift-Dir - straight line, f/p - wight
Aim: a wight, wielding a +2 morningstar of protection and wearing a +0 robe (heavily damaged, 83% to hit)
The blast of sand hits the wight but does no damage.
The wight is heavily damaged.
The wight hits you with a +2 morningstar of protection.
The wight hits you with a +2 battleaxe!
Aiming: Sandblast (safe; 1% risk of failure)
Press: ? - help, Q - select action, (/) - cycle Shift-Dir - straight line, f/p - wight
Aim: a wight, wielding a +2 morningstar of protection and wearing a +0 robe (heavily damaged, 83% to hit)
Okay, then.
The wight barely misses you.
Casting: Sandblast (safe; 1% risk of failure)
Confirm with . or Enter, or press ? or * to list all spells.
Aiming: Passwall (safe; 3% risk of failure)
Press: ? - help, Dir - move target, p - wight A rock wall.
The wight hits you with a +2 morningstar of protection!
You feel drained.
You begin to meditate on the wall.
You continue meditating on the rock.
The wight closely misses you. x2
The wight hits you with a +3 mace of freezing!
* * * LOW HITPOINT WARNING * * *
You feel drained.
* * * LOW HITPOINT WARNING * * *
The wight freezes you!
You die...

...# #.....# ##..## #..##.....#
#).).# ..# #..#......# #.#, #..
#.# #...##.### #.# ..#...#
#.##### #...##.#####.#
..#....##...#.. ###.##....##.#
..........#...#
#..#.......###.#.#...#....#
##...#####zz##.#.##.##...## #.###
##@z..#..........##
####..#########..........#...#
#........................#.#..
.....######........#..).>...#..##
.... #.................##..# ...
#####.........##..)######.. ..
...............####.# #.. .
.########...##.## #.# #<.
#...........##... ###


You could see 3 wights.

Vanquished Creatures
  Sigmund (D:3)
  A fire bat (D:5)
  An ice beast (D:6)
  The ghost of BinkBink the Trooper, an amateur DsFi (D:3)
  An ogre (D:5)
  A phantom (D:5)
  A scorpion (D:6)
  A bullfrog (D:5)
  A howler monkey (D:5)
  A hound (D:6)
  2 orc priests
  A jelly (D:5)
  An iguana (D:4)
  3 orc wizards
  4 gnolls (D:3)
  3 adders
  A shadow imp (D:5)
  A worm (D:3)
  6 dart slugs
  15 orcs
  8 bats
  5 endoplasms
  3 giant cockroaches
  10 goblins
  5 hobgoblins
  10 jackals
  3 kobolds
  7 quokkas
  10 ball pythons
  3 frilled lizards
  6 rats
117 creatures vanquished.

Vanquished Creatures (collateral kills)
  A wight (D:6)
  A boulder (D:6)
2 creatures vanquished.

Grand Total: 119 creatures vanquished

Notes
Turn   | Place    | Note
-------+----------+-------------------------------------------
     0 | D:1      | Bnni the Formicid Earth Elementalist began the quest for
                  | the Orb.
     0 | D:1      | Reached XP level 1. HP: 13/13 MP: 3/3
    61 | D:1      | Reached XP level 2. HP: 13/19 MP: 0/5
   313 | D:1      | Reached skill level 4 in Earth Magic
   507 | D:1      | Reached XP level 3. HP: 15/25 MP: 1/6
   520 | D:1      | Reached skill level 1 in Fighting
   806 | D:1      | Learned a level 2 spell: Passwall
  1373 | D:2      | Reached XP level 4. HP: 32/32 MP: 4/7
  1425 | D:2      | Learned a level 4 spell: Brom's Barrelling Boulder
  1634 | D:2      | Found Buurif's Magic Scroll Shoppe.
  1641 | D:2      | Reached skill level 1 in Conjurations
  1671 | D:2      | Bought a scroll of identify for 28 gold pieces
  1671 | D:2      | Bought a scroll of identify for 28 gold pieces
  1671 | D:2      | Bought a scroll of identify for 28 gold pieces
  1941 | D:3      | Noticed Sigmund
  2018 | D:3      | Killed Sigmund
  2019 | D:3      | Reached skill level 5 in Earth Magic
  2019 | D:3      | Reached XP level 5. HP: 31/38 MP: 3/9
  2019 | D:3      | Reached XP level 6. HP: 36/44 MP: 3/10
  2396 | D:3      | Learned a level 3 spell: Stone Arrow
  2751 | D:3      | Found a runed translucent door.
  2756 | D:3      | Noticed BinkBink's ghost (amateur DsFi)
  2960 | D:3      | Found a shimmering altar of Xom.
  3056 | D:3      | Killed BinkBink's ghost
  3057 | D:3      | Reached skill level 6 in Earth Magic
  3057 | D:3      | Reached XP level 7. HP: 15/51 MP: 1/12
  3892 | D:4      | Found an opulent altar of Gozag.
  4119 | D:5      | Entered Level 5 of the Dungeon
  4133 | D:5      | Learned a level 2 spell: Sublimation of Blood
  4252 | D:5      | Reached XP level 8. HP: 58/58 MP: 10/13
  4277 | D:5      | Reached skill level 1 in Armour
  4353 | D:5      | Found a transporter.
  4358 | D:5      | Noticed a fire bat
  4367 | D:5      | Found a runed translucent door.
  4371 | D:5      | Noticed Revguard's ghost (novice GrFi)
  4477 | D:5      | Found a transporter.
  4517 | D:5      | Reached skill level 1 in Necromancy
  4531 | D:5      | Reached skill level 7 in Earth Magic
  4803 | D:5      | Killed a fire bat
  5082 | D:6      | Slain by a wight

Illustrated notes

Levels and vault maps discovered:
D:1:      erik_arrival_cave_to_civilisation [erik_arrival_cave_to_hall],
          layout_basic, minmay_pentomino_w4
D:2:      layout_basic, serial_shops, nicolae_shop_advertising_works
          [nicolae_subvault_shop_adworks], columned_hall_lemuel, minmay_3d_cube
D:3:      layout_loops_ring, tgw_xom, ebering_ghost_reflecting_pool,
          minmay_misc_feat_rugged, uniq_sigmund
D:4:      layout_basic, nicolae_gozag_seed_capital
D:5:      gammafunk_cloud_chamber, layout_cave_pools, ebering_ghost_sewer_d
D:6:      layout_rooms

Skill      XL: |  1  2  3  4  5  6  7  8 |
---------------+-------------------------+-----
Earth Magic    | 4 5 6 7 |  7.6
Fighting       | 1 2 3 4 |  4.0
Conjurations   | 1 2 3 |  3.9
Spellcasting   | 3 4 |  4.3
Transmutations | 2 3 |  3.0
Armour         | 2 |  2.2
Necromancy     | 1 |  1.9
Dodging        | |  1.7
Stealth        | |  2.4

Action                     |  1- 3 |  4- 6 |  7- 9 || total
---------------------------+-------+-------+-------++-------
  Melee: Dagger            |    30 |    12 |       ||    42
         Spear             |       |    21 |    21 ||    42
         Staff             |       |       |    19 ||    19
  Throw: Dart              |       |       |     3 ||     3
   Cast: Sandblast         |    47 |    57 |    86 ||   190
         Passwall          |       |       |     1 ||     1
         Brom's Barrelling |       |       |     1 ||     1
  Evoke: Wand              |       |       |     1 ||     1
    Use: Scroll            |       |     5 |     3 ||     8
   Stab: Sleeping          |       |     3 |     4 ||     7
 Armour: Robe              |    24 |     8 |       ||    32
         Leather armour    |       |    29 |    78 ||   107
  Dodge: Dodged            |    31 |    22 |    40 ||    93

Table legend: (Time is in decaauts)
 A = Elapsed time spent in this place.
 B = Non-inter-level travel time spent in this place.
 C = Inter-level travel time spent in this place.
 D = Time resting spent in this place.
 E = Time spent auto-exploring this place.
 F = Levels seen in this place.
 G = Mean time per level.
                   A        B        C        D        E       F      G
               +--------+--------+--------+--------+--------+-----+--------+
         Total |   5185 |   5026 |    159 |    427 |   3570 |   6 |  864.2 |
       Dungeon |   5185 |   5026 |    159 |    427 |   3570 |   6 |  864.2 |
               +--------+--------+--------+--------+--------+-----+--------+

Top non-repeatable levels by time:
     D:3: 1207 daAuts
     D:1: 1158 daAuts
     D:4: 957 daAuts
     D:2: 877 daAuts
     D:5: 736 daAuts
     D:6: 248 daAuts
